 Dungeon Crawl Stone Soup version 0.31-a0-222-gefeffbb62a (webtiles) character file.

Game seed: 10962114935621436256

132672 qw the Marksminotaur (level 16, -3/157 HPs)
             Began as a Minotaur Hexslinger on July 5, 2023.
             Was a High Priest of Okawaru.
             Killed from afar by a swamp worm (14 damage)
             ... with a harpoon shot
             ... on level 3 of the Swamp.
             The game lasted 00:12:09 (21279 turns).

qw the Marksminotaur (Minotaur Hexslinger)         Turns: 21279, Time: 00:12:09

Health: -3/157     AC: 13    Str: 15    XL:     16   Next: 58%
Magic:  19/22      EV: 33    Int:  8    God:    Okawaru [*****.]
Gold:   2561       SH:  0    Dex: 27    Spells: 16/17 levels left

rFire   + + .        Y - +9 longbow (heavy)
rCold   + . .        (shield currently unavailable)
rNeg    . . .        s - +0 troll leather armour
rPois   +            o - +2 hat
rElec   .            w - scarf {rC+ rF+}
rCorr   .            h - +0 pair of gloves of Pephekke {Fly SInv}
SInv    +            c - +2 pair of boots
Will    +....        f - amulet of faith
Stlth   ++++         l - +6 ring of dexterity
HPRegen 1.26/turn    t - ring of the Will of the Gods {rPois rF+ Dex+2 Stlth+}
MPRegen 0.18/turn

%: faith
@: about to teleport, heroic, finesse-ful, flying
A: horns 2, retaliatory headbutt, dopey 1
a: Renounce Religion, Heroism, Finesse, Duel


You were on level 3 of the Swamp.
You worshipped Okawaru.
Okawaru was extremely pleased with you.
You visited 4 branches of the dungeon, and saw 25 of its levels.

You collected 3381 gold pieces.
You spent 820 gold pieces at shops.


Innate Abilities, Weirdness & Mutations

You have a pair of horns on your head.
You reflexively headbutt those who attack you in melee.
You are dopey. (Int -2)


   Skills:
 - Level 18.0(23.0) Fighting
 - Level 20.0(25.0) Ranged Weapons
 - Level 8.0(13.0) Armour
 + Level 16.3(21.3) Dodging
 - Level 1.0 Spellcasting
 - Level 2.0 Hexes
 - Level 10.0 Invocations


You had 16 spell levels left.
You knew the following spells:

 Your Spells              Type           Power      Damage    Failure   Level
a - Slow                  Hex            12%        N/A       21%         1

Your spell library contained the following spells:

 Spells                   Type           Power      Damage    Failure   Level
 Inner Flame              Hex/Fire       2%         N/A       65%         3
 Portal Projectile        Hex/Tloc       4%         N/A       65%         3
 Cause Fear               Hex            1%         N/A       89%         4

Inventory:

Hand Weapons
 Y - a +9 heavy longbow (weapon)
Armour
 c - a +2 pair of boots (worn)
 d - the +2 pair of gloves of Wecilouj {Contam rN+ Regen+}
   (Okawaru gifted it to you on level 13 of the Dungeon)

   rN:        It protects you from negative energy.
   Contam:    It causes magical contamination when unequipped.
   Regen:     It increases your rate of health regeneration.
 h - the +0 pair of gloves of Pephekke (worn) {Fly SInv}
   (You bought it in a shop on level 15 of the Dungeon)

   SInv:      It lets you see invisible.
   Fly:       It grants you flight.
 i - a +2 robe of resistance
 o - a +2 hat (worn)
 s - a +0 troll leather armour (worn)
 v - +0 swamp dragon scales
 w - a scarf of resistance (worn)
 y - a +2 cloak
Jewellery
 f - an amulet of faith (around neck)
 g - an amulet of reflection
 l - a +6 ring of dexterity (left hand)
 m - a +4 ring of protection
 n - the ring "Leazuisa" {Fire Drain *Slow rCorr SInv}
   (You took it off a spriggan rider on level 2 of the Swamp)

   [ring of fire]

   It enhances your fire magic.
   rF:        It protects you from fire.
   rC:        It makes you vulnerable to cold.
   SInv:      It lets you see invisible.
   rCorr:     It protects you from acid and corrosion.
   Drain:     It drains your maximum health when unequipped.
   *Slow:     It may slow you when you take damage.
 t - the ring of the Will of the Gods (right hand) {rPois rF+ Dex+2 Stlth+}
   (You found it on level 11 of the Dungeon)

   [ring of protection from fire]

   Dex:       It affects your dexterity (+2).
   rF:        It protects you from fire.
   rPois:     It protects you from poison.
   Stlth:     It makes you more stealthy.
Wands
 j - a wand of digging (5)
Scrolls
 b - 17 scrolls of identify
 e - 8 scrolls of teleportation
 r - a scroll of enchant armour
Potions
 a - 12 potions of curing
 k - a potion of resistance
 p - 4 potions of enlightenment
 q - 3 potions of mutation
 u - 3 potions of might
 z - 2 potions of haste
 A - 2 potions of magic {unknown}

Dungeon Overview and Level Annotations

Branches:
Dungeon (15/15)            Temple (0/1) D:5            Lair (5/5) D:11
  Swamp (3/4) Lair:3        Snake (0/4) Lair:2        Slime (0/5) Lair:4
    Orc (2/2) D:9             Elf (0/3) Orc:2        Vaults (0/5) D:13
 Depths (0/4) D:15

Altars:
Ashenzari
Dithmenos
Gozag
Hepliaklqana
Okawaru
Qazlal
Sif Muna
Trog
Uskayaw
Xom
The Shining One
Jiyva

Shops:
D:3 [   D:4 ?   D:10 *   D:15 [   Orc:1 (   Orc:2 *(:[

Portals:
Trove: D:14 (give 7 scrolls of blinking)

Annotations:
D:2 Sigmund
D:5 1 runed translucent door, Crazy Yiuf
D:14 2 transporters, Cove's ghost, journeyman GrFi
Swamp:2 2 transporters, xzight's ghost, adept MiBe


Message History

The arrow barely misses the vampire mosquito.
The vampire mosquito bites you but does no damage.
You shoot an arrow. The arrow hits the vampire mosquito!!!!
You destroy the vampire mosquito!
Okawaru accepts your kill. The spriggan air mage hits you.
The swamp dragon misses you.
The swamp dragon claws you but does no damage.
The swamp dragon completely misses you.
You shoot an arrow.
The arrow closely misses the spriggan air mage.
The bloated husk explodes!
The blast of putrescent gases engulfs the spriggan air mage!!!
The blast of putrescent gases engulfs you!!!
The blast of putrescent gases engulfs the swamp dragon!!
The spriggan air mage completely misses you.
You shoot an arrow. The arrow hits the spriggan air mage!!
You kill the spriggan air mage!
Okawaru accepts your kill.
You hear a splash. x2
Your surroundings suddenly seem different.
A swamp worm comes into view.
Found a stone staircase leading down.
Enter note:
Enter note:
Enter note:
Enter note:
Enter note:
Enter note:
Enter note:
Enter note:
Enter note:
Enter note:
Enter note:
Enter note:
21279 ||| READING 9 scrolls of teleportation.
As you read the scroll of teleportation, it crumbles to dust.
You feel strangely unstable.
The swamp worm fires a harpoon shot at you.
The harpoon shot hits you!
You die...

.~%/~.~...%~~~.77777777
7..77.77.
.~~~~.7~77.~~~..777
777~.777777.
...~.7777..~~~~~.~777.w~..
7%~ ..~...
7~~~¤~~~~..7~~~~~. 77~
....~~. 7~~~~~~¤~~<..~~~~~
77~. ~...~~.
~.~.~~~~~..~~~~~. 77.7~
~~~..$77
7...~~~~~.¤~~~.~7777.~~~
7.~~~~~~~~¤77~....~~~
7~..@~~~~~~~~~~.~~~~~
7777>..~~~...~~~~~~~~ ~~~
7~~..~~.~~~~....7~ ~~~~
.7777~~.~~¤~.77..7 ~~~~. ~
77 .~77.....~~. ~~...
~¤.~7 77777.~.¤~~
....~77777 ~~..7 7~...~~.
~..~¤~~~.777 ...~.~
7...~~~.
~.~7.~~~~.77...~.7
7777777~~~~.7


You could see a swamp worm.

Vanquished Creatures
  Gastronok (D:8)
  A fenstrider witch (Swamp:2)
  Roxanne (Swamp:2)
  2 orc warlords
  An ironbound preserver (D:13)
  A stone giant (D:15)
  4 eleionomae
  Azrael (D:13)
  2 bunyips
  An ogre mage (D:15)
  A rakshasa (D:15)
  10 hydras
  A ghost crab (Swamp:3)
  4 centaur warriors
  A spriggan air mage (Swamp:3)
  8 two-headed ogres
  2 catoblepae
  Erica (D:9)
  2 alligators
  A death knight (D:14)
  5 boulder beetles
  A death yak (Lair:4)
  An orc high priest (Orc:2)
  2 tengu warriors (D:15)
  Urug (Orc:1)
  10 spriggans
  A skyshark (Lair:5)
  A fire crab (Lair:5)
  Lodul (D:11)
  6 goliath frogs
  5 skeletal warriors
  2 bog bodies
  2 phantasmal warriors (D:14)
  2 swamp dragons (Swamp:2)
  4 steelbarb worms (Swamp:3)
  2 wolf spider zombies (D:14)
  A necromancer (D:14)
  7 orc knights
  4 will-o-the-wisps
  11 ugly things
  2 deep elf pyromancers (D:14)
  6 orc sorcerers
  9 manticores
  5 elephants (Lair:3)
  4 cyclopes
  Maurice (D:8)
  A torpor snail (Lair:4)
  8 black mambas
  21 cane toads
  A black mamba (shapeshifter) (D:13)
  2 gargoyles
  2 kobold demonologists (D:10)
  2 unseen horrors
  3 rime drakes
  8 komodo dragons
  Psyche (D:8)
  2 efreet (D:15)
  2 ice devils (D:12)
  A troll (shapeshifter) (D:13)
  11 trolls
  9 polar bears
  A wolf spider simulacrum (D:14)
  19 tyrant leeches
  Grinder (D:4)
  11 hornets
  A harpy skeleton (D:14)
  19 blink frogs
  12 dream sheep (Lair:5)
  2 centaur simulacra
  Eustachio (D:4)
  9 wyverns
  3 wraiths
  61 yaks
  Grum (D:8)
  4 basilisks
  2 fire elementals (D:13)
  Edmund (D:4)
  2 wargs (Orc:1)
  17 swamp worms
  29 vampire mosquitoes
  Menkaure (D:4)
  11 water moccasins
  3 nagas (Lair:2)
  3 hell hounds (D:13)
  4 acid dragons
  Duvessa (D:4)
  A swamp drake (Swamp:1)
  A sky beast (D:7)
  30 orc warriors
  8 black bears (Lair:1)
  17 ogres
  8 wolves
  A kobold brigand (D:11)
  19 bullfrogs
  5 scorpions
  2 gnoll sergeants (D:9)
  5 wights (D:6)
  Dowan (D:4)
  8 killer bees
  A troll skeleton (D:13)
  An electric eel (Lair:5)
  4 howler monkeys
  5 spriggan skeletons (D:13)
  A jelly (D:6)
  A gnoll bouda (D:7)
  17 orc priests
  6 hounds
  3 sleepcaps
  2 iguanas
  26 orc wizards
  17 gnolls
  11 adders
  3 shadow imps
  3 ufetubi
  4 worms
  A dart slug (D:1)
  85 orcs
  3 endoplasms
  A giant cockroach (D:4)
  10 goblins
  16 hobgoblins
  4 jackals (D:3)
  15 kobolds
  8 quokkas
  11 ball pythons
  6 bats
  5 frilled lizards
  7 rats
  A spectral goblin (D:15)
819 creatures vanquished.

Vanquished Creatures (others)
  A bloated husk (Swamp:3)
  An orc (Orc:1)
  A kobold (D:10)
  8 foxfires
11 creatures vanquished.

Grand Total: 830 creatures vanquished

Notes
Turn   | Place    | Note
-------+----------+-------------------------------------------
     0 | D:1      | qw the Minotaur Hexslinger began the quest for the Orb.
     0 | D:1      | Reached XP level 1. HP: 16/16 MP: 1/1
     0 | D:1      | 0 ||| qw: Version: 0.3-a-46-gb1f654a
     0 | D:1      | 0 ||| qw: Game counter: 1064
     0 | D:1      | 0 ||| qw: Melee chars always use a shield: true
     0 | D:1      | 0 ||| qw: God list: Okawaru
     0 | D:1      | 0 ||| qw: Allow faded altars: false
     0 | D:1      | 0 ||| qw: Do Orc after clearing Dungeon:15 true
     0 | D:1      | 0 ||| qw: Do second Lair branch before Depths: true
     0 | D:1      | 0 ||| qw: Lair rune preference: random
     0 | D:1      | 0 ||| qw: Goals: Normal
     0 | D:1      | 0 ||| PLANNING D:1-11
   170 | D:1      | HP: 4/16 [kobold/+0 short sword (3)]
   257 | D:1      | Reached skill level 3 in Ranged Weapons
   282 | D:1      | Reached XP level 2. HP: 17/23 MP: 2/2
   894 | D:1      | 894 ||| UPGRADING to +0 leather armour.
   904 | D:1      | 904 ||| DROPPING +0 robe.
   905 | D:1      | 905 ||| UPGRADING to +0 ring mail.
   915 | D:1      | 915 ||| DROPPING +0 leather armour.
   916 | D:1      | 916 ||| UPGRADING to amulet of regeneration.
   921 | D:1      | 921 ||| UPGRADING to +4 ring of protection.
   922 | D:1      | 922 ||| READING scroll labelled SIXOTI FAENUHA.
   923 | D:1      | 923 ||| READING 2 scrolls labelled PEKAOH INASMU.
   924 | D:1      | 924 ||| READING scroll labelled PYFIGA LUDUT.
   925 | D:1      | 925 ||| READING scroll labelled GICULUM TOANTI.
   926 | D:1      | 926 ||| DRINKING 3 fuming clear potions.
   956 | D:1      | 956 ||| DROPPING scroll of poison.
   957 | D:1      | 957 ||| DROPPING 2 potions of lignification.
   979 | D:2      | Identified the +7 dagger "Runi" {flame, rPois Str+3}
  1001 | D:2      | Found a faded altar of an unknown god.
  1089 | D:2      | Reached XP level 3. HP: 29/29 MP: 3/3
  1217 | D:2      | Reached skill level 4 in Ranged Weapons
  1378 | D:2      | 1378 ||| READING 3 scrolls labelled ZOAXUSKOULL.
  1436 | D:3      | Reached XP level 4. HP: 34/36 MP: 4/4
  1445 | D:3      | Noticed Sigmund
  1448 | D:3      | 1448 ||| FLEEEEING.
  1449 | D:3      | 1449 ||| FLEEEEING.
  1451 | D:3      | 1451 ||| FLEEEEING.
  1452 | D:3      | 1452 ||| FLEEEEING.
  1456 | D:3      | 1456 ||| STAIRDANCE
  1562 | D:3      | 1562 ||| STAIRDANCE
  1571 | D:3      | 1571 ||| STAIRDANCE
  1579 | D:2      | 1579 ||| Stepping randomly (disturbance).
  1580 | D:2      | 1580 ||| Stepping randomly (disturbance).
  1582 | D:2      | 1582 ||| Stepping randomly (disturbance).
  1583 | D:2      | 1583 ||| Stepping randomly (disturbance).
  1585 | D:2      | 1585 ||| Stepping randomly (disturbance).
  1586 | D:2      | 1586 ||| Stepping randomly (disturbance).
  1588 | D:2      | 1588 ||| Stepping randomly (disturbance).
  1589 | D:2      | 1589 ||| Stepping randomly (disturbance).
  1591 | D:2      | 1591 ||| Stepping randomly (disturbance).
  1592 | D:2      | 1592 ||| Stepping randomly (disturbance).
  1593 | D:2      | 1593 ||| Stepping randomly (disturbance).
  1601 | D:2      | 1601 ||| Stepping randomly (disturbance).
  1602 | D:2      | 1602 ||| Stepping randomly (disturbance).
  1604 | D:2      | 1604 ||| Stepping randomly (disturbance).
  1605 | D:2      | 1605 ||| Stepping randomly (disturbance).
  1607 | D:2      | 1607 ||| Stepping randomly (disturbance).
  1608 | D:2      | 1608 ||| Stepping randomly (disturbance).
  1610 | D:2      | 1610 ||| Stepping randomly (disturbance).
  1611 | D:2      | 1611 ||| Stepping randomly (disturbance).
  1613 | D:2      | 1613 ||| Stepping randomly (disturbance).
  1616 | D:2      | 1616 ||| Stepping randomly (disturbance).
  1618 | D:2      | 1618 ||| READING 2 scrolls of teleportation.
  1619 | D:2      | 1619 ||| FLEEEEING.
  1620 | D:2      | 1620 ||| FLEEEEING.
  1662 | D:3      | 1662 ||| STAIRDANCE
  1887 | D:3      | Found Zesous's Armour Shop.
  1890 | D:3      | 1890 ||| SHOPLISTING +2 leather armour of positive energy
                  | (160 gold, have 159).
  2120 | D:3      | Found a bloodstained altar of Trog.
  2139 | D:3      | Found an iron altar of Okawaru.
  2140 | D:3      | 2140 ||| PLANNING OKAWARU WORSHIP
  2140 | D:3      | 2140 ||| UPGRADING to ring of poison resistance.
  2141 | D:3      | 2141 ||| UPGRADING to +6 ring of dexterity.
  2143 | D:3      | 2143 ||| READING scroll labelled NIEREG WAUSAFO.
  2144 | D:3      | 2144 ||| DRINKING 2 cyan potions.
  2145 | D:3      | 2145 ||| READING 3 scrolls of identify.
  2145 | D:3      | 2145 ||| IDENTIFYING glowing purple potion
  2146 | D:3      | 2146 ||| READING 2 scrolls of identify.
  2146 | D:3      | 2146 ||| IDENTIFYING dark potion
  2147 | D:3      | 2147 ||| DROPPING potion of attraction.
  2148 | D:3      | 2148 ||| DROPPING potion of degeneration.
  2156 | D:3      | Became a worshipper of Warmaster Okawaru
  2157 | D:3      | 2157 ||| PLANNING D:1-11
  2201 | D:4      | Reached skill level 5 in Ranged Weapons
  2202 | D:4      | Noticed Duvessa
  2206 | D:4      | Noticed Dowan
  2211 | D:4      | Killed Duvessa
  2212 | D:4      | Reached XP level 5. HP: 14/46 MP: 5/5
  2212 | D:4      | HP: 11/46 [Dowan/+0 dagger (4)]
  2213 | D:4      | 2213 ||| READING scroll of teleportation.
  2231 | D:4      | Killed Dowan
  2232 | D:4      | Reached XP level 6. HP: 40/52 MP: 6/6
  2287 | D:4      | Noticed Eustachio
  2317 | D:4      | Killed Eustachio
  2318 | D:4      | Reached skill level 6 in Ranged Weapons
  2386 | D:4      | Found an opulent altar of Gozag.
  2464 | D:4      | Reached skill level 7 in Ranged Weapons
  2465 | D:4      | Reached * piety under Okawaru
  2532 | D:4      | Reached XP level 7. HP: 59/59 MP: 7/7
  2534 | D:4      | 2534 ||| INVOKING Heroism.
  2645 | D:4      | Reached skill level 3 in Dodging
  2700 | D:4      | Found Hing's Magic Scroll Shoppe.
  2721 | D:4      | 2721 ||| BUYING 2 scrolls of identify (44 gold).
  2721 | D:4      | Bought 2 scrolls of identify for 44 gold pieces
  2721 | D:4      | 2721 ||| BUYING scroll of enchant armour (82 gold).
  2721 | D:4      | Bought a scroll of enchant armour for 82 gold pieces
  2721 | D:4      | 2721 ||| BUYING scroll of identify (22 gold).
  2721 | D:4      | Bought a scroll of identify for 22 gold pieces
  2721 | D:4      | 2721 ||| BUYING scroll of teleportation (33 gold).
  2721 | D:4      | Bought a scroll of teleportation for 33 gold pieces
  2721 | D:4      | 2721 ||| BUYING scroll of teleportation (33 gold).
  2721 | D:4      | Bought a scroll of teleportation for 33 gold pieces
  2721 | D:4      | 2721 ||| SHOPLISTING scroll of teleportation (33 gold, have
                  | 24).
  2814 | D:4      | Noticed Grinder
  2815 | D:4      | 2815 ||| INVOKING Heroism.
  2852 | D:4      | Paralysed by Grinder for 4 turns
  2871 | D:4      | Killed Grinder
  2872 | D:4      | Reached skill level 8 in Ranged Weapons
  3056 | D:4      | 3056 ||| UPGRADING to +0 pair of gloves.
  3061 | D:4      | 3061 ||| READING 2 scrolls of enchant armour.
  3061 | D:4      | 3061 ||| ENCHANTING +0 pair of gloves.
  3062 | D:4      | 3062 ||| READING scroll of enchant armour.
  3062 | D:4      | 3062 ||| ENCHANTING +1 pair of gloves.
  3063 | D:4      | 3063 ||| READING scroll labelled ROEFOF CUOSHRI.
  3064 | D:4      | 3064 ||| READING scroll labelled JEMPUTE HAAG.
  3065 | D:4      | 3065 ||| READING 7 scrolls of identify.
  3065 | D:4      | 3065 ||| IDENTIFYING bubbling pink potion
  3081 | D:5      | Entered Level 5 of the Dungeon
  3081 | D:5      | Noticed Menkaure
  3082 | D:5      | 3082 ||| INVOKING Heroism.
  3082 | D:5      | Noticed Edmund
  3087 | D:5      | 3087 ||| STAIRDANCE
  3129 | D:5      | 3129 ||| STAIRDANCE
  3131 | D:4      | 3131 ||| INVOKING Heroism.
  3135 | D:4      | Killed Edmund
  3158 | D:5      | 3158 ||| STAIRDANCE
  3163 | D:4      | HP: 6/61 [Menkaure (15)]
  3164 | D:4      | 3164 ||| READING 3 scrolls of teleportation.
  3166 | D:4      | Reached XP level 8. HP: 9/68 MP: 8/8
  3166 | D:4      | 3166 ||| INVOKING Heroism.
  3169 | D:4      | Killed Menkaure
  3170 | D:4      | Reached skill level 9 in Ranged Weapons
  3234 | D:5      | Found a staircase to the Ecumenical Temple.
  3298 | D:5      | 3298 ||| DRINKING 3 potions of curing.
  3298 | D:5      | 3298 ||| (to cure confusion)
  3302 | D:5      | Reached skill level 1 in Invocations
  3344 | D:5      | Reached skill level 6 in Fighting
  3398 | D:5      | 3398 ||| INVOKING Heroism.
  3444 | D:5      | 3444 ||| UPGRADING to +0 robe of willpower.
  3449 | D:5      | 3449 ||| UPGRADING to +0 robe of willpower.
  3454 | D:5      | 3454 ||| UPGRADING to amulet of reflection.
  3464 | D:5      | 3464 ||| DROPPING amulet of regeneration.
  3465 | D:5      | 3465 ||| READING scroll labelled RAENALOKYT.
  3500 | D:5      | 3500 ||| INVOKING Heroism.
  3502 | D:5      | Reached skill level 3 in Invocations
  3689 | D:5      | Found a runed translucent door.
  3690 | D:5      | Noticed Crazy Yiuf
  3967 | D:5      | 3967 ||| UPGRADING to +0 cloak.
  4019 | D:6      | 4019 ||| INVOKING Heroism.
  4266 | D:6      | 4266 ||| FLEEEEING.
  4267 | D:6      | 4267 ||| FLEEEEING.
  4270 | D:6      | 4270 ||| FLEEEEING.
  4271 | D:6      | 4271 ||| FLEEEEING.
  4272 | D:6      | 4272 ||| FLEEEEING.
  4273 | D:6      | 4273 ||| FLEEEEING.
  4475 | D:6      | Reached XP level 9. HP: 75/75 MP: 11/11
  4845 | D:6      | 4845 ||| READING scroll labelled UMAESM EXUMP.
  4846 | D:6      | 4846 ||| READING 3 scrolls labelled ZIPU ZADUM.
  4947 | D:6      | 4947 ||| READING scroll labelled GEJUIV NAU.
  4948 | D:6      | 4948 ||| DROPPING 2 scrolls of silence.
  5025 | D:7      | Found a broken altar of Ashenzari.
  5059 | D:7      | Reached skill level 10 in Ranged Weapons
  5133 | D:7      | Identified the +1 robe "Munkir" {Dex+4}
  5309 | D:7      | 5309 ||| INVOKING Heroism.
  5466 | D:7      | Found a hazy altar of Hepliaklqana.
  5467 | D:7      | 5467 ||| INVOKING Heroism.
  5757 | D:7      | 5757 ||| DROPPING +0 ring mail.
  5758 | D:7      | 5758 ||| UPGRADING to +1 robe "Munkir" {Dex+4}.
  5768 | D:7      | 5768 ||| DROPPING +0 robe of willpower.
  5769 | D:7      | 5769 ||| READING scroll labelled GAIRPH NUNUG.
  5798 | D:8      | Noticed Grum
  5799 | D:8      | 5799 ||| INVOKING Heroism.
  5806 | D:8      | Killed Grum
  5807 | D:8      | Reached skill level 6 in Dodging
  5847 | D:8      | Found a shadowy altar of Dithmenos.
  5909 | D:8      | Noticed Maurice
  5911 | D:8      | Paralysed by Maurice for 4 turns
  5919 | D:8      | 5919 ||| Stepping randomly (disturbance).
  5920 | D:8      | 5920 ||| UPGRADING to +0 pair of boots.
  5935 | D:8      | Paralysed by something for 5 turns
  5948 | D:8      | HP: 11/79 [something (9)]
  5953 | D:8      | 5953 ||| FLEEEEING.
  5954 | D:8      | 5954 ||| FLEEEEING.
  5955 | D:8      | 5955 ||| FLEEEEING.
  5956 | D:8      | 5956 ||| FLEEEEING.
  5957 | D:8      | 5957 ||| FLEEEEING.
  5958 | D:8      | 5958 ||| FLEEEEING.
  5959 | D:8      | 5959 ||| FLEEEEING.
  5960 | D:8      | 5960 ||| FLEEEEING.
  6062 | D:8      | 6062 ||| Invisibility monster not found???
  6187 | D:8      | Reached skill level 11 in Ranged Weapons
  6191 | D:8      | Noticed Psyche
  6192 | D:8      | 6192 ||| INVOKING Heroism.
  6202 | D:8      | Killed Psyche
  6213 | D:8      | 6213 ||| UPGRADING to +2 robe of resistance.
  6235 | D:8      | 6235 ||| INVOKING Heroism.
  6246 | D:8      | Killed Maurice
  6246 | D:8      | Reached ** piety under Okawaru
  6290 | D:8      | 6290 ||| READING scroll of enchant armour.
  6290 | D:8      | 6290 ||| ENCHANTING +0 pair of boots.
  6316 | D:8      | Found a stormy altar of Qazlal.
  6367 | D:8      | Noticed Gastronok
  6368 | D:8      | 6368 ||| INVOKING Heroism.
  6393 | D:8      | Killed Gastronok
  6393 | D:8      | Reached *** piety under Okawaru
  6394 | D:8      | Reached skill level 12 in Ranged Weapons
  6394 | D:8      | Reached XP level 10. HP: 86/86 MP: 12/12
  6396 | D:8      | 6396 ||| UPGRADING to +1 hat.
  6558 | D:8      | 6558 ||| READING 12 scrolls of identify.
  6558 | D:8      | 6558 ||| IDENTIFYING pink potion
  6559 | D:8      | 6559 ||| READING 11 scrolls of identify.
  6559 | D:8      | 6559 ||| IDENTIFYING ruby potion
  6560 | D:8      | 6560 ||| READING 10 scrolls of identify.
  6560 | D:8      | 6560 ||| IDENTIFYING fuming purple potion
  6761 | D:9      | 6761 ||| READING scroll of brand weapon.
  6761 | D:9      | 6761 ||| BRANDING +2 sling of freezing.
  6810 | D:9      | 6810 ||| FLEEEEING.
  6822 | D:9      | 6822 ||| FLEEEEING.
  6823 | D:9      | 6823 ||| FLEEEEING.
  6824 | D:9      | 6824 ||| FLEEEEING.
  6825 | D:9      | 6825 ||| FLEEEEING.
  6826 | D:9      | 6826 ||| FLEEEEING.
  6828 | D:9      | 6828 ||| FLEEEEING.
  6830 | D:9      | 6830 ||| FLEEEEING.
  6831 | D:9      | 6831 ||| FLEEEEING.
  6832 | D:9      | 6832 ||| FLEEEEING.
  6833 | D:9      | 6833 ||| FLEEEEING.
  6834 | D:9      | 6834 ||| FLEEEEING.
  6835 | D:9      | 6835 ||| FLEEEEING.
  6836 | D:9      | 6836 ||| FLEEEEING.
  6837 | D:9      | 6837 ||| FLEEEEING.
  6840 | D:9      | 6840 ||| FLEEEEING.
  6842 | D:9      | 6842 ||| FLEEEEING.
  6843 | D:9      | 6843 ||| FLEEEEING.
  6844 | D:9      | 6844 ||| FLEEEEING.
  6845 | D:9      | 6845 ||| FLEEEEING.
  6849 | D:9      | 6849 ||| INVOKING Heroism.
  6862 | D:9      | 6862 ||| DRINKING 3 potions of curing.
  6862 | D:9      | 6862 ||| (to cure confusion)
  6875 | D:9      | 6875 ||| SWAPPING to +0 orcbow.
  6876 | D:9      | 6876 ||| DROPPING +2 heavy sling.
  6881 | D:9      | 6881 ||| INVOKING Heroism.
  6889 | D:9      | Reached skill level 13 in Ranged Weapons
  6889 | D:9      | 6889 ||| Stepping ~*~*~tactically~*~*~ (outnumbered).
  6900 | D:9      | 6900 ||| FLEEEEING.
  6901 | D:9      | 6901 ||| FLEEEEING.
  6902 | D:9      | 6902 ||| FLEEEEING.
  6903 | D:9      | 6903 ||| FLEEEEING.
  6904 | D:9      | 6904 ||| FLEEEEING.
  6905 | D:9      | 6905 ||| FLEEEEING.
  6906 | D:9      | 6906 ||| FLEEEEING.
  6907 | D:9      | 6907 ||| FLEEEEING.
  6908 | D:9      | 6908 ||| FLEEEEING.
  6990 | D:9      | 6990 ||| INVOKING Heroism.
  6994 | D:9      | Noticed Erica
  6995 | D:9      | 6995 ||| Stepping ~*~*~tactically~*~*~ (outnumbered).
  6998 | D:9      | 6998 ||| DRINKING 2 potions of curing.
  6998 | D:9      | 6998 ||| (to cure confusion)
  7016 | D:9      | Killed Erica
  7017 | D:9      | Reached skill level 9 in Fighting
  7186 | D:9      | Found a staircase to the Orcish Mines.
  7389 | D:9      | Found a shimmering blue altar of Sif Muna.
  7664 | D:10     | Entered Level 10 of the Dungeon
  7684 | D:10     | 7684 ||| INVOKING Heroism.
  7738 | D:10     | 7738 ||| Stepping ~*~*~tactically~*~*~ (outnumbered).
  7740 | D:10     | 7740 ||| Stepping ~*~*~tactically~*~*~ (outnumbered).
  7742 | D:10     | 7742 ||| Stepping ~*~*~tactically~*~*~ (outnumbered).
  7747 | D:10     | 7747 ||| Stepping ~*~*~tactically~*~*~ (outnumbered).
  7758 | D:10     | Noticed an orange demon
  7758 | D:10     | 7758 ||| Stepping ~*~*~tactically~*~*~ (outnumbered).
  7766 | D:10     | Noticed a rust devil
  7771 | D:10     | 7771 ||| Stepping ~*~*~tactically~*~*~ (outnumbered).
  7776 | D:10     | Reached skill level 3 in Armour
  7858 | D:10     | Noticed a +0 hand axe
  7859 | D:10     | Found a hide-covered altar of Uskayaw.
  7859 | D:10     | Noticed a +0 dagger
  7982 | D:10     | Found a glowing golden altar of the Shining One.
  8020 | D:10     | Found a shimmering altar of Xom.
  8143 | D:10     | 8143 ||| INVOKING Heroism.
  8205 | D:10     | Found Vycsex's Assorted Antiques.
  8217 | D:10     | 8217 ||| BUYING fizzy purple potion (22 gold).
  8217 | D:10     | Bought a fizzy purple potion for 22 gold pieces
  8217 | D:10     | 8217 ||| BUYING potion of curing (75 gold).
  8217 | D:10     | Bought a potion of curing for 75 gold pieces
  8217 | D:10     | 8217 ||| BUYING potion of curing (75 gold).
  8217 | D:10     | Bought a potion of curing for 75 gold pieces
  8217 | D:10     | 8217 ||| BUYING scroll labelled LYAWUL JIAL (25 gold).
  8217 | D:10     | Bought a scroll labelled LYAWUL JIAL for 25 gold pieces
  8242 | D:10     | 8242 ||| READING scroll labelled JUHUAH SYRYN.
  8242 | D:10     | Identified a scroll of acquirement
  8242 | D:10     | 8242 ||| ACQUIRING 1011 gold pieces
  8242 | D:10     | Acquired 1011 gold pieces
  8244 | D:10     | 8244 ||| READING scroll labelled LYAWUL JIAL.
  8245 | D:10     | 8245 ||| READING 11 scrolls of identify.
  8245 | D:10     | 8245 ||| IDENTIFYING fizzy purple potion
  8246 | D:10     | 8246 ||| DROPPING potion of brilliance.
  8294 | D:11     | Reached XP level 11. HP: 89/97 MP: 13/13
  8308 | D:11     | Reached **** piety under Okawaru
  8343 | D:11     | 8343 ||| INVOKING Heroism.
  8385 | D:11     | 8385 ||| FLEEEEING.
  8386 | D:11     | 8386 ||| FLEEEEING.
  8389 | D:11     | 8389 ||| STAIRDANCE
  8476 | D:10     | 8476 ||| READING 10 scrolls of identify.
  8476 | D:10     | 8476 ||| IDENTIFYING fizzy golden potion
  8489 | D:11     | Found a staircase to the Lair.
  8534 | D:11     | 8534 ||| READING scroll of brand weapon.
  8534 | D:11     | 8534 ||| BRANDING +0 orcbow.
  8560 | D:11     | 8560 ||| INVOKING Heroism.
  8619 | D:11     | 8619 ||| INVOKING Heroism.
  8673 | D:11     | Reached skill level 14 in Ranged Weapons
  8730 | D:11     | Noticed a boulder beetle
  8731 | D:11     | 8731 ||| INVOKING Heroism.
  8744 | D:11     | Killed a boulder beetle
  8834 | D:11     | Reached skill level 6 in Invocations
  8909 | D:11     | Identified the ring of the Will of the Gods {rPois rF+
                  | Dex+2 Stlth+}
  8995 | D:11     | Reached ***** piety under Okawaru
  9093 | D:11     | Noticed Lodul
  9094 | D:11     | 9094 ||| INVOKING Heroism.
  9114 | D:11     | Killed Lodul
  9117 | D:11     | HP: 20/99 [ogre/+0 giant spiked club[Lodul] (7)]
  9118 | D:11     | 9118 ||| READING 6 scrolls of teleportation.
  9119 | D:11     | 9119 ||| DRINKING potion of heal wounds.
  9312 | D:11     | Noticed a two-headed ogre
  9313 | D:11     | 9313 ||| INVOKING Heroism.
  9322 | D:11     | Killed a two-headed ogre
  9322 | D:11     | Received a gift from Okawaru
  9425 | D:11     | 9425 ||| Stepping randomly (disturbance).
  9632 | D:11     | 9632 ||| PLANNING LAIR
  9632 | D:11     | 9632 ||| DROPPING +6 ring of intelligence.
  9633 | D:11     | 9633 ||| UPGRADING to ring of the Will of the Gods {rPois
                  | rF+ Dex+2 Stlth+}.
  9635 | D:11     | 9635 ||| DROPPING ring of poison resistance.
  9684 | Lair:1   | Entered Level 1 of the Lair of Beasts
  9694 | Lair:1   | 9694 ||| STAIRDANCE
  9790 | Lair:1   | 9790 ||| STAIRDANCE
  9794 | D:11     | Received a gift from Okawaru
  9795 | D:11     | Reached XP level 12. HP: 95/106 MP: 17/17
  9825 | D:11     | 9825 ||| SWAPPING to +1 longbow of flaming.
  9826 | D:11     | 9826 ||| DROPPING +0 orcbow of flaming.
  9881 | Lair:1   | 9881 ||| INVOKING Heroism.
  9915 | Lair:1   | Reached skill level 9 in Dodging
  9929 | Lair:1   | 9929 ||| INVOKING Heroism.
  9935 | Lair:1   | Reached skill level 15 in Ranged Weapons
  9965 | Lair:1   | Reached skill level 9 in Invocations
 10049 | Lair:1   | 10049 ||| INVOKING Heroism.
 10068 | Lair:1   | 10068 ||| INVOKING Heroism.
 10184 | Lair:1   | 10184 ||| INVOKING Heroism.
 10330 | Lair:1   | Noticed a boulder beetle
 10331 | Lair:1   | 10331 ||| INVOKING Heroism.
 10332 | Lair:1   | 10332 ||| INVOKING Finesse.
 10339 | Lair:1   | Killed a boulder beetle
 10379 | Lair:1   | You fall into a shaft and drop 1 floor!
 10400 | Lair:2   | Noticed a boulder beetle
 10401 | Lair:2   | 10401 ||| INVOKING Heroism.
 10409 | Lair:2   | Killed a boulder beetle
 10422 | Lair:2   | Noticed an eight-headed hydra
 10427 | Lair:2   | Killed an eight-headed hydra
 10428 | Lair:2   | Reached skill level 16 in Ranged Weapons
 10468 | Lair:2   | 10468 ||| UPGRADING to amulet of faith.
 10559 | Lair:1   | 10559 ||| INVOKING Heroism.
 10579 | Lair:1   | 10579 ||| READING 3 scrolls of enchant weapon.
 10579 | Lair:1   | 10579 ||| ENCHANTING +1 longbow of flaming.
 10580 | Lair:1   | 10580 ||| READING 2 scrolls of enchant weapon.
 10580 | Lair:1   | 10580 ||| ENCHANTING +2 longbow of flaming.
 10581 | Lair:1   | 10581 ||| READING scroll of enchant weapon.
 10581 | Lair:1   | 10581 ||| ENCHANTING +3 longbow of flaming.
 10763 | Lair:1   | 10763 ||| INVOKING Heroism.
 10785 | Lair:1   | Identified the +1 ring mail of Amelioration {rElec rN+
                  | Dex-2} (Okawaru gifted it to you on level 1 of the Lair of
                  | Beasts)
 10785 | Lair:1   | Received a gift from Okawaru
 10963 | Lair:1   | 10963 ||| FLEEEEING.
 10968 | Lair:1   | 10968 ||| FLEEEEING.
 10969 | Lair:1   | 10969 ||| FLEEEEING.
 10970 | Lair:1   | 10970 ||| FLEEEEING.
 10971 | Lair:1   | 10971 ||| FLEEEEING.
 10973 | Lair:1   | 10973 ||| FLEEEEING.
 10974 | Lair:1   | 10974 ||| FLEEEEING.
 10975 | Lair:1   | 10975 ||| INVOKING Heroism.
 11073 | Lair:1   | 11073 ||| DROPPING +1 ring mail of Amelioration {rElec rN+
                  | Dex-2}.
 11105 | Lair:2   | Noticed a seven-headed hydra
 11106 | Lair:2   | 11106 ||| INVOKING Heroism.
 11109 | Lair:2   | Killed a seven-headed hydra
 11254 | Lair:2   | 11254 ||| INVOKING Heroism.
 11257 | Lair:2   | Reached XP level 13. HP: 116/116 MP: 16/19
 11339 | Lair:2   | 11339 ||| Stepping ~*~*~tactically~*~*~ (outnumbered).
 11342 | Lair:2   | Found a staircase to the Snake Pit.
 11726 | Lair:2   | 11726 ||| DROPPING +1 pair of gloves.
 11727 | Lair:2   | 11727 ||| READING scroll labelled OBOOGR SEUS.
 11728 | Lair:2   | 11728 ||| READING 12 scrolls of identify.
 11728 | Lair:2   | 11728 ||| IDENTIFYING coppery potion
 11729 | Lair:2   | 11729 ||| DROPPING potion of invisibility.
 11741 | Lair:3   | 11741 ||| INVOKING Heroism.
 11750 | Lair:3   | Reached skill level 17 in Ranged Weapons
 11829 | Lair:3   | 11829 ||| INVOKING Heroism.
 11955 | Lair:3   | 11955 ||| READING scroll of enchant weapon.
 11955 | Lair:3   | 11955 ||| ENCHANTING +4 longbow of flaming.
 12082 | Lair:3   | 12082 ||| INVOKING Heroism.
 12246 | Lair:3   | 12246 ||| INVOKING Heroism.
 12254 | Lair:3   | Reached skill level 18 in Ranged Weapons
 12287 | Lair:3   | Found a staircase to the Swamp.
 12376 | Lair:3   | 12376 ||| READING scroll of enchant weapon.
 12376 | Lair:3   | 12376 ||| ENCHANTING +5 longbow of flaming.
 12723 | Lair:4   | 12723 ||| INVOKING Heroism.
 12724 | Lair:4   | 12724 ||| INVOKING Finesse.
 12886 | Lair:4   | 12886 ||| INVOKING Heroism.
 12892 | Lair:4   | Reached skill level 12 in Fighting
 12952 | Lair:4   | 12952 ||| INVOKING Heroism.
 13239 | Lair:4   | Found a viscous altar of Jiyva.
 13239 | Lair:4   | Found a staircase to the Slime Pits.
 13498 | Lair:5   | Entered Level 5 of the Lair of Beasts
 13507 | Lair:5   | 13507 ||| READING scroll of enchant weapon.
 13507 | Lair:5   | 13507 ||| ENCHANTING +6 longbow of flaming.
 13523 | Lair:5   | Identified the +0 pair of boots "Goclas" {Harm} (Okawaru
                  | gifted it to you on level 5 of the Lair of Beasts)
 13523 | Lair:5   | Received a gift from Okawaru
 13527 | Lair:5   | 13527 ||| INVOKING Heroism.
 13540 | Lair:5   | 13540 ||| Stepping ~*~*~tactically~*~*~ (outnumbered).
 13558 | Lair:5   | 13558 ||| INVOKING Heroism.
 13579 | Lair:5   | 13579 ||| INVOKING Heroism.
 13633 | Lair:5   | 13633 ||| INVOKING Heroism.
 13745 | Lair:5   | Reached XP level 14. HP: 126/126 MP: 20/20
 13857 | Lair:5   | 13857 ||| INVOKING Heroism.
 13882 | Lair:5   | Reached skill level 19 in Ranged Weapons
 14547 | Lair:5   | Identified the +0 leather armour of Ignis's Reproof {Harm}
 14691 | Lair:5   | 14691 ||| PLANNING D
 14691 | Lair:5   | 14691 ||| DROPPING +0 pair of boots "Goclas" {Harm}.
 14692 | Lair:5   | 14692 ||| UPGRADING to scarf of resistance.
 14702 | Lair:5   | 14702 ||| UPGRADING to +1 robe "Munkir" {Dex+4}.
 14712 | Lair:5   | 14712 ||| DROPPING +1 pair of boots of stealth.
 14713 | Lair:5   | 14713 ||| DROPPING +0 leather armour of Ignis's Reproof
                  | {Harm}.
 14714 | Lair:5   | 14714 ||| READING 12 scrolls of identify.
 14714 | Lair:5   | 14714 ||| IDENTIFYING bubbling golden potion
 14841 | D:12     | 14841 ||| DRINKING 10 potions of curing.
 14841 | D:12     | 14841 ||| (to cure confusion)
 14857 | D:12     | You fall into a shaft and drop 3 floors!
 14857 | D:15     | Entered Level 15 of the Dungeon
 14888 | D:15     | Received a gift from Okawaru
 14895 | D:15     | Reached skill level 12 in Dodging
 15092 | D:15     | 15092 ||| READING scroll of enchant weapon.
 15092 | D:15     | 15092 ||| ENCHANTING +7 longbow of flaming.
 15162 | D:15     | 15162 ||| UPGRADING to +0 troll leather armour.
 15172 | D:15     | 15172 ||| DROPPING +1 robe "Munkir" {Dex+4}.
 15433 | D:12     | Found a frozen archway.
 15764 | D:12     | 15764 ||| READING 2 scrolls of enchant armour.
 15764 | D:12     | 15764 ||| ENCHANTING +1 hat.
 15765 | D:12     | 15765 ||| READING scroll of enchant armour.
 15765 | D:12     | 15765 ||| ENCHANTING +1 pair of boots.
 15833 | D:12     | 15833 ||| DROPPING +0 cloak.
 15834 | D:12     | 15834 ||| DROPPING scarf of invisibility.
 15835 | D:12     | 15835 ||| DROPPING ring of willpower.
 15862 | D:13     | Identified the +2 pair of gloves of Wecilouj {Contam rN+
                  | Regen+} (Okawaru gifted it to you on level 13 of the
                  | Dungeon)
 15862 | D:13     | Received a gift from Okawaru
 15971 | D:13     | Noticed Azrael
 15972 | D:13     | 15972 ||| INVOKING Heroism.
 15973 | D:13     | 15973 ||| INVOKING Finesse.
 15984 | D:13     | Killed Azrael
 16005 | D:13     | Reached skill level 20 in Ranged Weapons
 16165 | D:13     | 16165 ||| INVOKING Heroism.
 16171 | D:13     | Reached skill level 6 in Armour
 16171 | D:13     | Noticed an ironbound preserver
 16177 | D:13     | Killed an ironbound preserver
 16188 | D:13     | Found a gate to the Vaults.
 16427 | D:13     | 16427 ||| UPGRADING to +2 pair of gloves of Wecilouj
                  | {Contam rN+ Regen+}.
 16437 | D:13     | 16437 ||| DROPPING +2 pair of gloves.
 16438 | D:13     | 16438 ||| DROPPING ring of magical power.
 16562 | D:14     | 16562 ||| INVOKING Heroism.
 16585 | D:14     | Found a transporter.
 16588 | D:14     | Noticed Cove's ghost (journeyman GrFi)
 16593 | D:14     | Found a transporter.
 16624 | D:14     | 16624 ||| FLEEEEING.
 16625 | D:14     | 16625 ||| FLEEEEING.
 16626 | D:14     | 16626 ||| FLEEEEING.
 16669 | D:14     | Reached XP level 15. HP: 138/138 MP: 21/21
 16691 | D:14     | 16691 ||| INVOKING Heroism.
 16826 | D:14     | Found a portal to a secret trove of treasure.
 16833 | D:14     | Identified the +1 pair of gloves of Trial and Error {rN+}
                  | (Okawaru gifted it to you on level 14 of the Dungeon)
 16833 | D:14     | Received a gift from Okawaru
 16934 | D:14     | 16934 ||| INVOKING Heroism.
 16937 | D:14     | 16937 ||| Stepping ~*~*~tactically~*~*~ (outnumbered).
 17085 | D:14     | 17085 ||| INVOKING Heroism.
 17125 | D:14     | 17125 ||| DROPPING +1 pair of gloves of Trial and Error
                  | {rN+}.
 17192 | D:15     | Found Jutuwoxu's Armour Shoppe.
 17227 | D:15     | Reached skill level 15 in Fighting
 17231 | D:15     | 17231 ||| INVOKING Heroism.
 17257 | D:15     | 17257 ||| BUYING +0 pair of gloves of Pephekke {Fly SInv}
                  | (249 gold).
 17257 | D:15     | Bought the +0 pair of gloves of Pephekke {Fly SInv} for 249
                  | gold pieces
 17321 | D:15     | 17321 ||| INVOKING Heroism.
 17466 | D:15     | 17466 ||| FLEEEEING.
 17467 | D:15     | 17467 ||| FLEEEEING.
 17468 | D:15     | 17468 ||| FLEEEEING.
 17469 | D:15     | 17469 ||| FLEEEEING.
 17470 | D:15     | 17470 ||| FLEEEEING.
 17474 | D:15     | 17474 ||| FLEEEEING.
 17475 | D:15     | 17475 ||| FLEEEEING.
 17476 | D:15     | 17476 ||| FLEEEEING.
 17541 | D:15     | Found a staircase to the Depths.
 17542 | D:15     | 17542 ||| INVOKING Heroism.
 18019 | D:15     | Found a hazy altar of Hepliaklqana.
 18046 | D:15     | 18046 ||| PLANNING ORC
 18046 | D:15     | 18046 ||| UPGRADING to +0 pair of gloves of Pephekke {Fly
                  | SInv}.
 18060 | D:14     | Gained mutation: You are dopey. (Int -2) [mutagenic glow]
 18137 | Orc:1    | Entered Level 1 of the Orcish Mines
 18138 | Orc:1    | 18138 ||| INVOKING Heroism.
 18139 | Orc:1    | 18139 ||| INVOKING Finesse.
 18298 | Orc:2    | Entered Level 2 of the Orcish Mines
 18458 | Orc:1    | Found Zogub's Weapon Emporium.
 18478 | Orc:1    | 18478 ||| INVOKING Heroism.
 18677 | Orc:1    | 18677 ||| INVOKING Heroism.
 18685 | Orc:1    | Noticed Urug
 18686 | Orc:1    | 18686 ||| Stepping ~*~*~tactically~*~*~ (outnumbered).
 18689 | Orc:1    | 18689 ||| INVOKING Finesse.
 18693 | Orc:1    | Killed Urug
 18879 | Orc:2    | 18879 ||| Stepping ~*~*~tactically~*~*~ (outnumbered).
 18885 | Orc:2    | 18885 ||| Stepping ~*~*~tactically~*~*~ (outnumbered).
 18911 | Orc:2    | 18911 ||| INVOKING Heroism.
 18912 | Orc:2    | 18912 ||| Stepping ~*~*~tactically~*~*~ (outnumbered).
 18933 | Orc:2    | 18933 ||| INVOKING Finesse.
 18967 | Orc:2    | 18967 ||| INVOKING Heroism.
 19005 | Orc:2    | Identified the +8 rapier of the Yoke {heavy, rCorr}
                  | (Okawaru gifted it to you on level 2 of the Orcish Mines)
 19005 | Orc:2    | Received a gift from Okawaru
 19024 | Orc:2    | Reached skill level 15 in Dodging
 19025 | Orc:2    | 19025 ||| FLEEEEING.
 19026 | Orc:2    | 19026 ||| FLEEEEING.
 19027 | Orc:2    | 19027 ||| FLEEEEING.
 19028 | Orc:2    | 19028 ||| FLEEEEING.
 19029 | Orc:2    | 19029 ||| FLEEEEING.
 19030 | Orc:2    | 19030 ||| FLEEEEING.
 19036 | Orc:2    | 19036 ||| FLEEEEING.
 19037 | Orc:2    | 19037 ||| FLEEEEING.
 19039 | Orc:2    | 19039 ||| FLEEEEING.
 19040 | Orc:2    | 19040 ||| FLEEEEING.
 19070 | Orc:2    | Found Plog's Antique Armour Shop.
 19079 | Orc:2    | 19079 ||| BUYING runed leather armour (160 gold).
 19079 | Orc:2    | Bought a runed leather armour for 160 gold pieces
 19107 | Orc:2    | Found Zoil's Antique Weapon Shop.
 19165 | Orc:2    | 19165 ||| INVOKING Heroism.
 19275 | Orc:2    | Found Vamec's General Store.
 19290 | Orc:2    | Found Haavanuva's Book Shop.
 19372 | Orc:2    | Found a staircase to the Elven Halls.
 19475 | Orc:2    | 19475 ||| PLANNING SWAMP:1-3
 19475 | Orc:2    | 19475 ||| DROPPING +2 leather armour of willpower.
 19630 | Swamp:1  | Entered Level 1 of the Swamp
 19637 | Swamp:1  | 19637 ||| INVOKING Heroism.
 19716 | Swamp:1  | 19716 ||| READING scroll of brand weapon.
 19716 | Swamp:1  | 19716 ||| BRANDING +8 longbow of flaming.
 19930 | Swamp:1  | Reached XP level 16. HP: 152/152 MP: 22/22
 20039 | Swamp:2  | 20039 ||| INVOKING Heroism.
 20041 | Swamp:2  | Received a gift from Okawaru
 20080 | Swamp:2  | 20080 ||| INVOKING Heroism.
 20089 | Swamp:2  | HP: 33/155 [acid (9)]
 20090 | Swamp:2  | 20090 ||| READING 9 scrolls of teleportation.
 20091 | Swamp:2  | 20091 ||| DRINKING 2 potions of heal wounds.
 20093 | Swamp:2  | Noticed a thorn hunter
 20095 | Swamp:2  | HP: 38/155 [spriggan rider/+0 spear (8)]
 20096 | Swamp:2  | 20096 ||| READING 8 scrolls of teleportation.
 20097 | Swamp:2  | 20097 ||| DRINKING potion of heal wounds.
 20098 | Swamp:2  | 20098 ||| INVOKING Heroism.
 20177 | Swamp:2  | Noticed Roxanne
 20178 | Swamp:2  | 20178 ||| INVOKING Heroism.
 20179 | Swamp:2  | 20179 ||| INVOKING Finesse.
 20185 | Swamp:2  | Killed Roxanne
 20262 | Swamp:2  | Found a transporter.
 20269 | Swamp:2  | Noticed xzight's ghost (adept MiBe)
 20270 | Swamp:2  | 20270 ||| INVOKING Heroism.
 20272 | Swamp:2  | Noticed a tentacled monstrosity
 20283 | Swamp:2  | Found a transporter.
 20352 | Swamp:2  | 20352 ||| FLEEEEING.
 20353 | Swamp:2  | 20353 ||| FLEEEEING.
 20354 | Swamp:2  | 20354 ||| FLEEEEING.
 20355 | Swamp:2  | 20355 ||| FLEEEEING.
 20356 | Swamp:2  | 20356 ||| FLEEEEING.
 20357 | Swamp:2  | 20357 ||| FLEEEEING.
 20358 | Swamp:2  | 20358 ||| FLEEEEING.
 20359 | Swamp:2  | 20359 ||| FLEEEEING.
 20360 | Swamp:2  | 20360 ||| FLEEEEING.
 20459 | Swamp:2  | 20459 ||| INVOKING Heroism.
 20472 | Swamp:2  | Identified the ring "Leazuisa" {Fire Drain *Slow rCorr
                  | SInv}
 20490 | Swamp:2  | 20490 ||| READING scroll of enchant weapon.
 20490 | Swamp:2  | 20490 ||| ENCHANTING +8 heavy longbow.
 20531 | Swamp:2  | 20531 ||| INVOKING Heroism.
 20796 | Swamp:2  | 20796 ||| DROPPING +2 leather armour of poison resistance.
 20952 | Swamp:3  | 20952 ||| INVOKING Heroism.
 21006 | Swamp:3  | 21006 ||| INVOKING Heroism.
 21251 | Swamp:3  | 21251 ||| INVOKING Heroism.
 21253 | Swamp:3  | Reached skill level 18 in Fighting
 21254 | Swamp:3  | Identified the +8 hand crossbow of Gehenna {drain, rC+}
                  | (Okawaru gifted it to you on level 3 of the Swamp)
 21254 | Swamp:3  | Received a gift from Okawaru
 21261 | Swamp:3  | 21261 ||| INVOKING Finesse.
 21270 | Swamp:3  | HP: 38/157 [spriggan air mage/bolt of lightning (30)]
 21271 | Swamp:3  | 21271 ||| READING 10 scrolls of teleportation.
 21272 | Swamp:3  | 21272 ||| DRINKING potion of heal wounds.
 21277 | Swamp:3  | HP: 9/157 [spore (37)]
 21279 | Swamp:3  | 21279 ||| READING 9 scrolls of teleportation.
 21279 | Swamp:3  | Killed from afar by a swamp worm

Levels and vault maps discovered:
D:1:      eino_arrival_tree_alley, layout_loops_ring, kennysheep_nondescript,
          chequers_jeans, minivault_11, hex_tiny
D:2:      layout_rooms, shapermc_ecumenical_altar_mp_ritualfount
D:3:      layout_rooms, grunt_temple_overflow_bloody_war, serial_shops,
          nicolae_shop_real_fake_doors, uniq_sigmund
D:4:      minmay_bubble_buster, layout_cave_pools, mainiacjoe_overflow_brackets,
          serial_shops, shop, uniq_duvessa, uniq_grinder, uniq_eustachio
D:5:      minmay_chambers_of_fours, layout_cave_pools,
          minmay_temple_entry_purple_smoke, kennysheep_generic_room_11,
          uniq_crazy_yiuf_cottage, uniq_menkaure, uniq_edmund
D:6:      layout_basic
D:7:      layout_layer_cave, cheibrodos_ashenzari_chains, lemuel_doored_altar
D:8:      layout_gridville, mainiacjoe_overflow_cross_hatched,
          nicolae_qazlal_scattered_showers, uniq_psyche, uniq_maurice,
          uniq_grum, uniq_gastronok
D:9:      layout_loops_ring, mainiacjoe_overflow_24_doors, hiddenorc1_lemuel,
          uniq_erica
D:10:     layout_rooms, tso_altar, dancing_weapons_uskayaw, xom_butterflies,
          serial_shops, nicolae_shop_competitors_out_of_business
D:11:     layout_roguey, minmay_lair_entry_grove, serial_corexii_hall,
          corexii_hall_statues_i, corexii_hall_statues_t, uniq_lodul
D:12:     layout_basic, portal_ice_cave_demonic_guard
D:13:     layout_cave_pools, skrybe_vaults_entry_preservation,
          hangedman_tell_no_tales, uniq_azrael
D:14:     cheibrodos_orc_bank, layout_cave_pools, enter_trove_0,
          gammafunk_ghost_mausoleum, minmay_misc_feat_hallway
D:15:     grunt_enter_depths_snipers, layout_stronghold, serial_shops,
          nicolae_shop_hallway_stairs, nrook_mini_backslash,
          nicolae_hepliaklqana_monster_ancestors
Lair:1:   beast_lair_carwin_large_4, layout_regular_city
Lair:2:   layout_loops_ring, nicolae_snake_entry_squirm, st_stairs_12,
          grunt_forest_large_clearings
Lair:3:   layout_concentric_octagons, swamp_mist_pool, infiniplex_staircase_pool
Lair:4:   layout_roguey, dpeg_slime_entry_enclosed, serial_bayou_shore_a
Lair:5:   minmay_lair_end_frog_pond, layout_layer_cave, serial_bayou_shore_b
Swamp:1:  layout_basic_swamp, evilmike_swamp_ruin_house_1
Swamp:2:  layout_basic_swamp, gammafunk_ghost_arena, hangedman_swamp_ruin_hall,
          swamp_pool1, nicolae_swamp_trees_clearing, uniq_roxanne
Swamp:3:  layout_basic_swamp, nicolae_swamp_little_swirl, swamp_pool1,
          lemuel_altar_in_water, nicolae_swamp_vermiculated
Orc:1:    layout_caves, serial_shops, nicolae_shop_advertising_works
          [nicolae_subvault_shop_adworks], uniq_urug
Orc:2:    grunt_orc_cross, layout_caves

Skill      XL: |  1  2  3  4  5  6  7  8  9 10 11 12 13 14 15 16 |
---------------+-------------------------------------------------+-----
Ranged Weapons | 3 4 5 7 8 9 12 13 14 16 18 20 | 20.0
Fighting       | 2 4 5 6 7 9 10 11 12 14 16 18 | 18.0
Armour         | 2 3 4 6 7 8 |  8.0
Dodging        | 3 4 7 8 10 11 12 15 16 | 16.3
Invocations    | 4 8 10 | 10.0
Spellcasting   | |  1.0
Hexes          | |  2.0

Action                     |  1- 3 |  4- 6 |  7- 9 | 10-12 | 13-15 | 16-18 || total
---------------------------+-------+-------+-------+-------+-------+-------++-------
  Melee: Unarmed           |       |     6 |       |       |       |       ||     6
   Fire: Sling             |   102 |   188 |   563 |    54 |       |       ||   907
         Orcbow            |       |       |       |   395 |       |       ||   395
         Longbow           |       |       |       |   202 |  1083 |   215 ||  1500
 Invoke: Heroism           |       |       |    14 |    23 |    28 |    10 ||    75
         Finesse           |       |       |       |     1 |     5 |     2 ||     8
    Use: Scroll            |     5 |     5 |    12 |    13 |    10 |     5 ||    50
         Potion            |     1 |     1 |     1 |     3 |     1 |     3 ||    10
 Armour: Robe              |     3 |       |    22 |    54 |    22 |       ||   101
         Ring mail         |    15 |    44 |    19 |       |       |       ||    78
         Skin              |       |     8 |       |       |       |       ||     8
         Troll leather arm |       |       |       |       |    21 |     5 ||    26
  Dodge: Dodged            |    26 |    82 |    98 |   260 |   249 |   103 ||   818
  Block: Other             |       |       |    14 |    71 |       |       ||    85
         Reflection        |       |       |       |     4 |       |       ||     4

Table legend:
 A = Non-vault XP
 B = Vault XP
 C = Vault XP percentage of total XP
 D = Non-vault monster count
 E = Vault monster count
 F = Vault count percentage of total count
                 A         B        C        D         E       F
            +---------+---------+-------+---------+---------+-------
      Total |  137177 |   52355 |  27.6 |     582 |     237 |  28.9
            +---------+---------+-------+---------+---------+-------
        D:1 |      28 |       0 |   0.0 |      17 |       0 |   0.0
        D:2 |      48 |       0 |   0.0 |      16 |       0 |   0.0
        D:3 |     101 |      14 |  12.2 |      24 |       1 |   4.0
        D:4 |     392 |    1002 |  71.9 |      23 |      23 |  50.0
        D:5 |     355 |     449 |  55.8 |      14 |       7 |  33.3
        D:6 |     726 |       0 |   0.0 |      21 |       0 |   0.0
        D:7 |     814 |       0 |   0.0 |      18 |       0 |   0.0
        D:8 |     273 |    2818 |  91.2 |       7 |       6 |  46.2
        D:9 |    1250 |    1141 |  47.7 |      35 |      18 |  34.0
       D:10 |    1467 |       0 |   0.0 |      12 |       0 |   0.0
       D:11 |    6566 |    4055 |  38.2 |      25 |      22 |  46.8
       D:12 |    5837 |     698 |  10.7 |      23 |       2 |   8.0
       D:13 |    3637 |    7357 |  66.9 |       7 |      22 |  75.9
       D:14 |   18330 |     877 |   4.6 |      39 |      18 |  31.6
       D:15 |   13554 |    2637 |  16.3 |      22 |       5 |  18.5
     Lair:1 |    7937 |    3449 |  30.3 |      32 |      16 |  33.3
     Lair:2 |    6593 |    1555 |  19.1 |      23 |       6 |  20.7
     Lair:3 |    9937 |       0 |   0.0 |      30 |       0 |   0.0
     Lair:4 |    5508 |       0 |   0.0 |      16 |       0 |   0.0
     Lair:5 |    8783 |   10810 |  55.2 |      29 |      36 |  55.4
    Swamp:1 |    7448 |       0 |   0.0 |      16 |       0 |   0.0
    Swamp:2 |   17016 |    1349 |   7.3 |      40 |       1 |   2.4
    Swamp:3 |   11106 |    6560 |  37.1 |      25 |      21 |  45.7
      Orc:1 |    7765 |     780 |   9.1 |      52 |       1 |   1.9
      Orc:2 |    1706 |    6804 |  80.0 |      16 |      32 |  66.7
            +---------+---------+-------+---------+---------+-------
